 Dungeon Crawl Stone Soup version 0.31.0-32-g396128a36d (webtiles) character file.

Game seed: 14538689709212889433

3635 Logoto the Cleaver (level 9, -16/120 HPs)
             Began as a Minotaur Berserker on Apr 7, 2024.
             Was a Priest of Trog.
             Demolished by a death knight
             ... wielding a +0 great sword
              (26 damage)
             ... on level 7 of the Dungeon.
             The game lasted 00:14:22 (6118 turns).

Logoto the Cleaver (Minotaur Berserker)             Turns: 6118, Time: 00:14:23

Health: -16/120    AC: 15    Str: 25    XL:     9   Next: 87%
Magic:  8/8        EV:  8    Int:  4    God:    Trog [***...]
Gold:   357        SH:  0    Dex: 11    Spells: 8/8 levels left

rFire   . . .        w - +4 battleaxe
rCold   . . .        (shield currently unavailable)
rNeg    + + .        u - +0 plate armour
rPois   .            (helmet restricted)
rElec   .            g - +0 cloak
rCorr   .            (no gloves)
SInv    .            (no boots)
Will    .....        (no amulet) Stlth
                     k - ring of positive energy
HPRegen 0.40/turn    t - ring of positive energy
MPRegen 0.11/turn

%: no passive effects
@: berserking (expiring), very quick
A: horns 2, retaliatory headbutt
a: Renounce Religion, Berserk, Trog's Hand


You were on level 7 of the Dungeon.
You worshipped Trog.
Trog was most pleased with you.
You visited 1 branch of the dungeon, and saw 7 of its levels.
You also visited: Sewer.

You collected 357 gold pieces.

Inventory:

Hand Weapons
 a - a +0 hand axe
 w - a +4 battleaxe (weapon)
 D - a +5 spear
Missiles
 d - 6 atropa-tipped darts (quivered)
 r - 2 throwing nets
 v - 6 poisoned darts
Armour
 g - a +0 cloak (worn)
 i - a +0 scale mail
 u - a +0 plate armour (worn)
Jewellery
 k - a ring of positive energy (left hand)
 t - a ring of positive energy (right hand)
Wands
 E - a wand of charming (2)
 F - a wand of flame (22)
Scrolls
 e - 3 scrolls of noise {unknown}
 f - a scroll of enchant armour {unknown}
 h - 2 scrolls of vulnerability {unknown}
 j - 5 scrolls of identify {unknown}
 l - 5 scrolls of teleportation {unknown}
 m - 4 scrolls of fog {unknown}
 o - 2 scrolls of torment {unknown}
 p - a scroll of revelation {unknown}
 x - a scroll of enchant weapon {unknown}
 y - a scroll of amnesia {unknown}
 z - a scroll of immolation {unknown}
 A - 2 scrolls of fear {unknown}
 B - a scroll of silence {unknown}
Potions
 b - 2 potions of enlightenment {unknown}
 c - 3 potions of curing {unknown}
 n - 3 potions of mutation {unknown}
 q - 4 potions of degeneration {unknown}
 s - 2 potions of magic {unknown}
 C - a potion of lignification {unknown}


   Skills:
 + Level 7.7 Fighting
 + Level 12.3 Axes
 + Level 9.3 Armour
 + Level 3.6 Dodging
 + Level 1.9 Stealth


You had 8 spell levels left.
You didn't know any spells.
Your spell library was empty.

Dungeon Overview and Level Annotations

Branches:
Dungeon (7/15)             Temple (0/1) D:5           Sewer (visited)

Altars:
Dithmenos
Elyvilon
Hepliaklqana
Okawaru
Sif Muna
Wu Jian
Yredelemnul


Innate Abilities, Weirdness & Mutations

You have a pair of horns on your head.
You reflexively headbutt those who attack you in melee.


Message History

The centaur kicks you but does no damage.
You slice the centaur!!
You kill the centaur!
Trog accepts your kill.
You can now call in reinforcements.
You see here a +0 orcbow.
A death knight comes into view. It is wielding a +1 battleaxe.
Found five items.
The death knight shouts!
The death knight offers itself to Yredelemnul, and fills with unholy energy.
A death knight comes into view. It is wielding a +0 great sword.
Found a clouded jade ring, a twisted plate armour and a runed leather armour.
The death knight shouts!
A red film seems to cover your vision as you go berserk!
You feel yourself moving faster!
You feel mighty!
You can no longer call in reinforcements.
You slice the death knight!! You headbutt the death knight!
The death knight is heavily wounded.
The death knight reflects your damage back at you!
You slice the death knight!! You headbutt the death knight.
The death knight is severely wounded.
The death knight reflects your damage back at you!
The death knight hits you with a +1 battleaxe!
You slash the death knight!
The death knight is almost dead.
The death knight reflects your damage back at you!
The death knight hits you with a +1 battleaxe!
You slash the death knight! Your headbutt misses the death knight.
The death knight is almost dead.
The death knight reflects your damage back at you!
The death knight hits you with a +1 battleaxe!!
* * * LOW HITPOINT WARNING * * *
You are too berserk!
You slash the death knight!
You kill the death knight!
Trog accepts your kill.
Your damage is reflected back at you!
* * * LOW HITPOINT WARNING * * *
Your Axes skill increases to level 12!
Your Armour skill increases to level 9!
The death knight hits you with a +0 great sword!!
You die...

#######
......#######################
.......)....................##
.#####.###############.......##
.##.#...#.## #.#.## #........#
.#...#.#...# #.#.###........#
.##.#.#.#.## #@##.##........#
.#.#.....#.# #)p=##.#...†....##
.#..#.#.#..#.#.=#[.#.#.........#
.#.#.....#.#.##[[[##.#...(...#.#
.##.#.#.#.###.##.##.##..######'#
.#...#.#†..# #.###.###..# #...#
.##.#...#.## #.#.## #..##:#...#
.#####.#########.#####..##:#._.#
.#.........#.........#..##:#...#


You could see a death knight.

Vanquished Creatures
  A death knight (D:7)
  4 yaks (D:5)
  A black bear (D:6)
  Pargi (Sewer)
  An ogre (D:7)
  3 centaurs
  A phantom (D:5)
  2 brain worms (Sewer)
  2 bullfrogs (D:7)
  2 scorpions (D:5)
  9 wights
  3 killer bees (D:7)
  4 bombardier beetles
  A howler monkey (D:6)
  2 orc priests
  7 hounds
  2 jellies
  3 iguanas
  4 orc wizards
  8 adders
  7 gnolls
  2 shadow imps
  5 ribbon worms
  3 dart slugs
  18 orcs
  6 bats
  5 endoplasms
  4 giant cockroaches
  6 goblins
  3 hobgoblins
  6 quokkas
  5 ball pythons
  5 frilled lizards
  10 kobolds
  5 rats
151 creatures vanquished.

Notes
Turn   | Place    | Note
-------+----------+-------------------------------------------
     0 | D:1      | Logoto the Minotaur Berserker began the quest for the Orb.
     0 | D:1      | Reached XP level 1. HP: 19/19 MP: 0/0
   268 | D:1      | Reached XP level 2. HP: 27/27 MP: 1/1
   660 | D:2      | Reached skill level 4 in Axes
   695 | D:2      | Reached XP level 3. HP: 34/34 MP: 2/2
  1186 | D:2      | Found a faded altar of an unknown god.
  1381 | D:3      | Reached ** piety under Trog
  1391 | D:3      | Reached XP level 4. HP: 28/41 MP: 3/3
  1674 | D:3      | Reached skill level 5 in Axes
  1947 | D:3      | Found an ornate altar of the Wu Jian Council.
  1959 | D:3      | Reached XP level 5. HP: 47/47 MP: 4/4
  1991 | D:3      | Reached skill level 5 in Fighting
  2346 | D:4      | Reached skill level 6 in Axes
  2346 | D:4      | Reached XP level 6. HP: 28/56 MP: 5/5
  2466 | D:4      | Found a white marble altar of Elyvilon.
  3699 | D:5      | Entered Level 5 of the Dungeon
  3812 | D:5      | Reached XP level 7. HP: 61/61 MP: 6/6
  3818 | D:5      | Reached skill level 7 in Axes
  3818 | D:5      | Reached skill level 5 in Armour
  3836 | D:5      | Reached skill level 1 in Stealth
  4049 | D:5      | Found a staircase to the Ecumenical Temple.
  4224 | D:5      | Noticed a yak
  4225 | D:5      | Noticed a yak
  4226 | D:5      | Noticed a yak
  4226 | D:5      | Noticed a yak
  4235 | D:5      | Killed a yak
  4240 | D:5      | Killed a yak
  4241 | D:5      | Reached skill level 8 in Axes
  4241 | D:5      | Reached XP level 8. HP: 70/70 MP: 7/7
  4339 | D:5      | Reached *** piety under Trog
  4377 | D:5      | Reached skill level 9 in Axes
  4823 | D:6      | Found a glowing drain.
  4830 | Sewer    | Entered a sewer
  4937 | Sewer    | Noticed Pargi
  4938 | Sewer    | Killed Pargi
  5062 | D:6      | Reached XP level 9. HP: 65/79 MP: 8/8
  5159 | D:6      | Reached skill level 10 in Axes
  5663 | D:7      | Found an iron altar of Okawaru.
  5663 | D:7      | Found a shadowy altar of Dithmenos.
  5680 | D:7      | Found a basalt altar of Yredelemnul.
  5709 | D:7      | Found a hazy altar of Hepliaklqana.
  5809 | D:7      | Found a shimmering blue altar of Sif Muna.
  5841 | D:7      | Reached skill level 11 in Axes
  6097 | D:7      | Reached **** piety under Trog
  6110 | D:7      | Noticed a death knight
  6110 | D:7      | Found the +1 cloak of Starlight {*Dazzle EV+4 Stlth--}
  6111 | D:7      | Noticed a death knight
  6117 | D:7      | Killed a death knight
  6118 | D:7      | Reached skill level 12 in Axes
  6118 | D:7      | Demolished by a death knight

Illustrated notes

Levels and vault maps discovered:
D:1:      dpeg_arrival_tiny_c, layout_loops_cross
D:2:      layout_rooms, chequers_ecumenical_altar_simple, nicolae_eternal_life
D:3:      layout_basic, mainiacjoe_overflow_boulevard
D:4:      minmay_angry_zag, layout_basic, elyvilon_altar_4,
          minmay_misc_feat_doors
D:5:      layout_loops_cross, minmay_temple_entry_ruins
D:6:      layout_loops_ring, mainiacjoe_sewer_entry_somewhere_in_here_2
D:7:      layout_rooms, nicolae_overflow_macrodata_refinement,
          nicolae_sif_muna_little_library, minmay_the_grid_2x2
          [minmay_the_grid_diamond_grid, minmay_the_grid_empty,
          minmay_the_grid_slots, minmay_the_grid_prize_diamond_cup]

Skill      XL: |  1  2  3  4  5  6  7  8  9 |
---------------+----------------------------+-----
Fighting       | 4 5 6 7 |  7.7
Axes           | 4 5 6 8 9 12 | 12.3
Armour         | 3 4 6 7 9 |  9.3
Dodging        | 3 |  3.6
Stealth        | 1 |  1.9

Action                     |  1- 3 |  4- 6 |  7- 9 || total
---------------------------+-------+-------+-------++-------
  Melee: Hand axe          |    57 |   108 |    85 ||   250
         Headbutt          |    11 |    24 |    31 ||    66
         Punch             |       |       |     1 ||     1
         Battleaxe         |       |       |    98 ||    98
 Invoke: Berserk           |       |     7 |     9 ||    16
    Use: Potion            |       |       |     2 ||     2
 Armour: Animal skin       |    16 |       |       ||    16
         Scale mail        |    26 |    78 |    51 ||   155
         Plate armour      |       |       |   123 ||   123
  Dodge: Dodged            |    42 |    44 |   102 ||   188
